 Dungeon Crawl Stone Soup version 0.30-a0-799-g109b55a442 (webtiles) character file.

Game seed: 9468108401066446046

15912 Newt the Skirmisher (level 12, -2/65 HPs)
             Began as a Kobold Hunter on Feb 20, 2023.
             Was a Priest of Hepliaklqana.
             Slain by a cane toad (11 damage)
             ... on level 1 of the Lair of Beasts.
             The game lasted 00:12:07 (10265 turns).

Newt the Skirmisher (Kobold Hunter)                Turns: 10265, Time: 00:12:07

Health: -2/65      AC: 10    Str:  8    XL:     12   Next: 63%
Magic:  12/22      EV: 22    Int: 11    God:    Hepliaklqana [***...]
Gold:   531        SH:  5    Dex: 23    Spells: 22/25 levels left

rFire   + . .      SeeInvis .    a - +1 shortbow (elec)
rCold   + + .      Faith    .    (shield currently unavailable)
rNeg    . . .      Spirit   .    y - +3 leather armour
rPois   +          Reflect  +    G - +2 hat {Stlth+}
rElec   .          Harm     .    i - scarf {rC+ rF+}
rCorr   .          Rampage  .    (no gloves)
Will    .....                    j - +1 pair of boots
Stlth   ++++                     x - amulet of reflection
HPRegen 0.30/turn                q - ring of protection from cold
MPRegen 0.18/turn                J - ring of poison resistance

@: no status effects
A: reduced essence, small, no large weapons, nightstalker 3, mutation resistance
1
a: Renounce Religion, Recall Ancestor, Ancestor Identity, Transference


You were on level 1 of the Lair of Beasts.
You worshipped Hepliaklqana.
Hepliaklqana was most pleased with you.
You visited 3 branches of the dungeon, and saw 12 of its levels.
You also visited: Ossuary.

You collected 531 gold pieces.

Inventory:

Hand Weapons
 a - a +1 shortbow of electrocution (weapon)
Armour
 c - a +0 leather armour
 g - a scarf of repulsion
 i - a scarf of resistance (worn)
 j - a +1 pair of boots (worn)
 y - a +3 leather armour (worn)
 G - a +2 hat of stealth (worn)
 H - +0 acid dragon scales
Jewellery
 q - a ring of protection from cold (left hand)
 x - an amulet of reflection (around neck)
 J - a ring of poison resistance (right hand)
Wands
 m - a wand of light (6)
 z - a wand of flame (20)
 B - a wand of polymorph (12)
 C - a wand of charming (2)
 D - a wand of iceblast (8)
 I - a wand of mindburst (8)
Scrolls
 k - 2 scrolls of brand weapon
 r - 5 scrolls of teleportation
 s - 3 scrolls of blinking
 w - a scroll of amnesia
 E - 2 scrolls of fear
Potions
 b - a potion of flight
 d - 3 potions of degeneration
 e - 3 potions of heal wounds
 f - a potion of cancellation
 h - 4 potions of resistance
 l - 2 potions of mutation
 n - a potion of berserk rage
 o - 5 potions of lignification
 p - 3 potions of haste
 t - 3 potions of brilliance
 u - 4 potions of might
 v - 7 potions of curing
 K - a potion of attraction
Miscellaneous
 A - a box of beasts


   Skills:
 - Level 8.0 Fighting
 - Level 14.0 Ranged Weapons
 - Level 10.0 Dodging
 - Level 1.3 Stealth
 + Level 7.2 Spellcasting
 + Level 7.3 Hexes
 + Level 7.3 Fire Magic
 - Level 5.0 Evocations


You had 22 spell levels left.
You knew the following spells:

 Your Spells              Type           Power      Damage    Failure   Level
a - Inner Flame           Hex/Fire       20%        N/A       3%          3

Your spell library contained the following spells:

 Spells                   Type           Power      Damage    Failure   Level
 Slow                     Hex            80%        N/A       1%          1
 Confusing Touch          Hex            20%        N/A       3%          3
 Apportation              Tloc           6%         N/A       26%         1
 Beastly Appendage        Tmut           6%         N/A       26%         1
 Necrotise                Necr           12%        1d4       26%         1
 Summon Small Mammal      Summ           12%        N/A       26%         1
 Ignite Poison            Fire/Tmut/Pois 9%         N/A       26%         3
 Wereblood                Tmut           3%         N/A       36%         2
 Ozocubu's Armour         Ice            3%         N/A       58%         3
 Spider Form              Tmut/Pois      3%         N/A       58%         3
 Vampiric Draining        Necr           3%         2d6       58%         3
 Metabolic Englaciation   Hex/Ice        6%         N/A       83%         5
 Olgreb's Toxic Radiance  Pois           3%         N/A       94%         4
 Petrify                  Tmut/Erth      3%         N/A       94%         4
 Eringya's Noxious Bog    Tmut/Pois      1%         N/A       100%        6
 Statue Form              Tmut/Erth      2%         N/A       100%        6
 Ozocubu's Refrigeration  Ice            1%         4d7       100%        7


Dungeon Overview and Level Annotations

Branches:
Dungeon (10/15)            Temple (1/1) D:4            Lair (1/5) D:10
    Orc (0/2) D:9         Ossuary (visited)

Altars:
Ashenzari
Cheibriados
Dithmenos
Elyvilon
Fedhas
Gozag
Hepliaklqana
Kikubaaqudgha
Makhleb
Nemelex Xobeh
Okawaru
Qazlal
Ru
Sif Muna
Trog
Uskayaw
Vehumet
Wu Jian
Xom
Yredelemnul
Zin
The Shining One

Annotations:
D:6 1 runed translucent door, GiantSquids's ghost, novice VSBe


Innate Abilities, Weirdness & Mutations

Your life essence is reduced to manifest your ancestor. (-10% HP)
You are small and have problems with some larger weapons.
You are completely attuned to the shadows.
You are somewhat resistant to further mutation.


Message History

You block the cane toad's attack.
Fire: a) +1 shortbow (elec)
Press: ? - help, Shift-Dir - straight line, f/p - death yak
Aim: a death yak (flame, severely wounded, 85% to hit)
You shoot an arrow. The arrow hits the death yak!
The death yak is almost dead.
You hear a bellow!
The death yak is engulfed in blazing flames. x2
The death yak misses you. The cane toad stings you.
Fire: a) +1 shortbow (elec)
Press: ? - help, Shift-Dir - straight line, f/p - death yak
Aim: a death yak (flame, almost dead, 85% to hit)
You shoot an arrow. The death yak bellows!
The arrow hits the death yak!
You kill the death yak!
The death yak is engulfed in blazing flames.
You kill the death yak!
Your Spellcasting skill increases to level 7!
Fire: a) +1 shortbow (elec)
Press: ? - help, Shift-Dir - straight line, f - death yak
Aim: a death yak (lightly wounded, 85% to hit)
You shoot an arrow. The arrow barely misses the death yak.
Fire: a) +1 shortbow (elec)
Press: ? - help, Shift-Dir - straight line, f/p - death yak
Aim: a death yak (lightly wounded, 85% to hit)
You shoot an arrow.
The arrow hits the death yak but does no damage.
The death yak is lightly wounded.
The death yak misses you.
Fire: a) +1 shortbow (elec)
Press: ? - help, Shift-Dir - straight line, f/p - death yak
Aim: a death yak (lightly wounded, 85% to hit)
You shoot an arrow. The arrow hits the death yak.
Lightning courses through the death yak!
The death yak is heavily wounded.
The death yak gores you!
* * * LOW HITPOINT WARNING * * *
The cane toad stings you!
You die...

#.##.#.....
#.....#...
#..#.P....
##.##......
#..##......
#....÷......
##....Y..YY.
##.#FY#....
#.###@#Y...
### ##§☼...
#°☼°..
..°°..
#......
#......


You could see a death yak, a yak and a cane toad.

Vanquished Creatures
  Gastronok (D:10)
  7 death yaks
  Joseph (D:10)
  A black mamba (Lair:1)
  A cane toad (Lair:1)
  3 kobold demonologists (D:7)
  A wyvern (D:9)
  9 yaks
  3 wraiths
  A steam dragon (D:10)
  An acid dragon (D:10)
  3 water moccasins
  5 orc warriors
  An ogre (D:4)
  16 wolves (Lair:1)
  6 centaurs
  2 phantoms
  A kobold brigand (D:7)
  A bullfrog (D:6)
  A necrophage (D:6)
  4 scorpions
  3 wights (D:9)
  9 killer bees
  A howler monkey (D:4)
  4 centaur zombies (Ossuary)
  3 electric eels (D:8)
  4 hounds
  4 jellies
  3 orc priests
  A hell rat (D:10)
  3 iguanas
  7 orc wizards
  3 mummies (Ossuary)
  2 river rats (D:10)
  3 adders
  A shadow imp (D:6)
  2 white imps
  2 worms
  3 dart slugs
  23 orcs
  9 ball pythons
  7 endoplasms
  5 giant cockroaches
  3 goblins
  5 hobgoblins
  11 kobolds
  2 quokkas (D:2)
  6 bats
  4 frilled lizards
  4 hobgoblin zombies (Ossuary)
  9 rats
215 creatures vanquished.

Vanquished Creatures (collateral kills)
  A cyclops (D:9)
  3 yaks (D:9)
  2 steam dragons
  2 sky beasts
  2 orc warriors
  5 wolves (Lair:1)
  A centaur (D:9)
  A bullfrog (D:7)
  2 wights (D:9)
  2 killer bees (D:8)
  2 orc wizards
  3 mummies (Ossuary)
  7 orcs
  2 quokkas (D:10)
35 creatures vanquished.

Vanquished Creatures (others)
  2 knights
  An ancestor (Ossuary)
  An orc (D:9)
  A fungus (Lair:1)
  2 plants (Lair:1)
7 creatures vanquished.

Grand Total: 257 creatures vanquished

Notes
Turn   | Place    | Note
-------+----------+-------------------------------------------
     0 | D:1      | Newt the Kobold Hunter began the quest for the Orb.
     0 | D:1      | Reached XP level 1. HP: 12/12 MP: 1/1
   326 | D:1      | Reached XP level 2. HP: 18/18 MP: 2/2
   686 | D:1      | Reached XP level 3. HP: 24/24 MP: 3/3
  1096 | D:2      | Found a faded altar of an unknown god.
  1759 | D:3      | Reached XP level 4. HP: 30/30 MP: 4/4
  2345 | D:4      | Found a staircase to the Ecumenical Temple.
  2354 | D:4      | Reached skill level 5 in Fighting
  2354 | D:4      | Reached XP level 5. HP: 35/35 MP: 5/5
  2369 | Temple   | Entered the Ecumenical Temple
  2567 | Temple   | Became a worshipper of Hepliaklqana the Forgotten
  2689 | D:4      | Noticed an ogre
  2695 | D:4      | Reached skill level 6 in Ranged Weapons
  2699 | D:4      | Killed an ogre
  2700 | D:4      | Reached skill level 7 in Ranged Weapons
  2700 | D:4      | Reached XP level 6. HP: 27/40 MP: 6/6
  3100 | D:4      | Reached skill level 8 in Ranged Weapons
  3333 | D:5      | Entered Level 5 of the Dungeon
  3489 | D:5      | Reached XP level 7. HP: 44/44 MP: 7/7
  3823 | D:5      | Reached skill level 9 in Ranged Weapons
  3872 | D:5      | Gained mutation: You are somewhat resistant to further
                  | mutation. [potion of mutation]
  4216 | D:5      | Reached skill level 10 in Ranged Weapons
  4350 | D:5      | You fall into a shaft and drop 3 floors!
  4686 | D:7      | Noticed a kobold demonologist
  4686 | D:7      | Noticed a kobold demonologist
  4686 | D:7      | Noticed a kobold demonologist
  4692 | D:7      | Killed a kobold demonologist
  4692 | D:7      | Killed a kobold demonologist
  4693 | D:7      | Reached XP level 8. HP: 28/49 MP: 8/8
  4721 | D:7      | Noticed an orange demon
  4722 | D:7      | Noticed a ynoxinul
  4724 | D:7      | Killed a kobold demonologist
  4725 | D:7      | Reached XP level 9. HP: 21/54 MP: 9/9
  5377 | D:6      | Found a runed translucent door.
  5377 | D:6      | Noticed GiantSquids's ghost (novice VSBe)
  5395 | D:6      | Found a sand-covered staircase.
  5400 | Ossuary  | Entered an ossuary
  5400 | Ossuary  | Reached * piety under Hepliaklqana
  5416 | Ossuary  | Reached skill level 10 in Dodging
  6003 | D:6      | Got the Encyclopedia of Poison and the Tropics
  6962 | D:7      | Reached skill level 1 in Evocations
  7334 | D:8      | Reached XP level 10. HP: 57/57 MP: 10/10
  7452 | D:8      | Reached skill level 5 in Evocations
  7487 | D:8      | Found an iron altar of Okawaru.
  7491 | D:8      | Found a blossoming altar of Fedhas.
  7562 | D:8      | Reached ** piety under Hepliaklqana
  7563 | D:8      | Remembered your ancestor Iltani as a knight
  7742 | D:8      | Found a stormy altar of Qazlal.
  7742 | D:8      | Found a sparkling altar of Nemelex Xobeh.
  7771 | D:8      | Reached skill level 11 in Ranged Weapons
  8129 | D:8      | Reached skill level 12 in Ranged Weapons
  8466 | D:9      | Reached skill level 13 in Ranged Weapons
  8481 | D:9      | HP: 1/57 [orc priest/+0 club (5)]
  8682 | D:9      | Found a staircase to the Orcish Mines.
  8791 | D:9      | Reached skill level 14 in Ranged Weapons
  8795 | D:9      | Reached skill level 1 in Spellcasting
  8795 | D:9      | Reached skill level 1 in Hexes
  8795 | D:9      | Reached skill level 1 in Fire Magic
  8799 | D:9      | Reached XP level 11. HP: 50/61 MP: 10/13
  8954 | D:9      | Noticed a cyclops
  8961 | D:9      | Killed a cyclops
  9159 | D:10     | Entered Level 10 of the Dungeon
  9181 | D:10     | Noticed Joseph
  9188 | D:10     | Killed Joseph
  9224 | D:10     | Learned a level 3 spell: Inner Flame
  9307 | D:10     | Noticed Gastronok
  9323 | D:10     | Killed Gastronok
  9617 | D:10     | Noticed a death yak
  9621 | D:10     | Noticed a death yak
  9621 | D:10     | Noticed a death yak
  9623 | D:10     | Killed a death yak
  9624 | D:10     | Reached skill level 5 in Spellcasting
  9624 | D:10     | Reached skill level 5 in Hexes
  9624 | D:10     | Reached skill level 5 in Fire Magic
  9646 | D:10     | Killed a death yak
  9662 | D:10     | Killed a death yak
  9663 | D:10     | Reached XP level 12. HP: 57/65 MP: 20/20
  9729 | D:10     | Found a staircase to the Lair.
  9729 | D:10     | Reached *** piety under Hepliaklqana
  9890 | Lair:1   | Entered Level 1 of the Lair of Beasts
 10243 | Lair:1   | Noticed a death yak
 10243 | Lair:1   | Noticed a death yak
 10243 | Lair:1   | Noticed a death yak
 10255 | Lair:1   | Noticed a death yak
 10256 | Lair:1   | Noticed a death yak
 10256 | Lair:1   | Killed a death yak
 10259 | Lair:1   | Killed a death yak
 10262 | Lair:1   | Killed a death yak
 10262 | Lair:1   | Killed a death yak
 10265 | Lair:1   | Slain by a cane toad

Illustrated notes

Levels and vault maps discovered:
D:1:      minmay_arrival_three_doors, layout_loops_ring
D:2:      layout_basic, ebering_ecumenical_altar_hall
D:3:      layout_rooms
D:4:      layout_loops_ring, minmay_temple_entry_tees
D:5:      layout_basic, chequers_mini_garden
D:6:      layout_loops_ring, hellmonk_ghost_happy_afterlife, enter_ossuary_2
D:7:      layout_gridville
D:8:      layout_gridville, nicolae_overflow_two_pavilions, minitemple
D:9:      layout_rooms, david_orc_4
D:10:     layout_big_octagon, dpeg_lair_monsters, minmay_misc_feat_pillars,
          uniq_joseph, uniq_gastronok
Temple:   eino_narrow_crystal_temple
Lair:1:   layout_cave_shapes, st_stairs_10, grunt_forest_large_clearings,
          grunt_megastairs_5, lemuel_fruit_fields

Skill      XL: |  1  2  3  4  5  6  7  8  9 10 11 12 |
---------------+-------------------------------------+-----
Fighting       | 3 4 5 8 |  8.0
Ranged Weapons | 7 8 10 14 | 14.0
Dodging        | 7 9 10 | 10.0
Evocations     | 4 5 |  5.0
Spellcasting   | 1 5 7 |  7.2
Hexes          | 1 5 7 |  7.3
Fire Magic     | 1 5 7 |  7.3
Stealth        | |  1.3

Action                     |  1- 3 |  4- 6 |  7- 9 | 10-12 || total
---------------------------+-------+-------+-------+-------++-------
   Fire: Shortbow          |    63 |   109 |   209 |   299 ||   680
   Cast: Inner Flame       |       |       |       |    13 ||    13
 Invoke: Ancestor Life: Kn |       |       |       |     1 ||     1
    Use: Scroll            |     5 |     5 |     7 |     4 ||    21
         Potion            |       |     1 |     2 |     4 ||     7
 Armour: Leather armour    |     2 |    11 |    47 |    15 ||    75
  Dodge: Dodged            |     9 |    54 |   239 |    81 ||   383
         Repelled          |     1 |       |       |       ||     1
  Block: Other             |       |       |       |    20 ||    20
         Reflection        |       |       |       |     2 ||     2

Table legend: (Time is in decaauts)
 A = Elapsed time spent in this place.
 B = Non-inter-level travel time spent in this place.
 C = Inter-level travel time spent in this place.
 D = Time resting spent in this place.
 E = Time spent auto-exploring this place.
 F = Levels seen in this place.
 G = Mean time per level.
                   A        B        C        D        E       F      G
               +--------+--------+--------+--------+--------+-----+--------+
         Total |  10277 |   9927 |    350 |   1873 |   6837 |  13 |  790.5 |
       Dungeon |   9161 |   8840 |    321 |   1274 |   6497 |  10 |  916.1 |
        Temple |    213 |    185 |     28 |      0 |    172 |   1 |  213.0 |
          Lair |    367 |    367 |      0 |    185 |    113 |   1 |  367.0 |
       Ossuary |    535 |    535 |      0 |    414 |     55 |   1 |  535.0 |
               +--------+--------+--------+--------+--------+-----+--------+

Top non-repeatable levels by time:
     D:8: 1463 daAuts
     D:7: 1159 daAuts
     D:5: 1019 daAuts
     D:2: 993 daAuts
     D:6: 913 daAuts
     D:4: 817 daAuts
     D:1: 781 daAuts
     D:9: 738 daAuts
    D:10: 704 daAuts
     D:3: 569 daAuts
 Ossuary: 535 daAuts
  Lair:1: 367 daAuts
  Temple: 213 daAuts
